 Dungeon Crawl Stone Soup version 0.19.1 (webtiles) character file.

153 esteth the Chopper (level 5, -1/47 HPs)
             Began as a Hill Orc Abyssal Knight on Dec 14, 2016.
             Was a Believer of Lugonu.
             Slain by a jelly (3 damage)
             ... on level 3 of the Dungeon.
             The game lasted 00:07:34 (3706 turns).

esteth the Chopper (Hill Orc Abyssal Knight)        Turns: 3706, Time: 00:07:34

Health: -1/47      AC: -12   Str: 16    XL:     5   Next: 35%
Magic:  7/7        EV: 11    Int: 12    God:    Lugonu [**....]
Gold:   92         SH:  0    Dex: 10    Spells: 0 memorised, 4 levels left

rFire  . . .     SeeInvis +     a - +1 hand axe
rCold  . . .     Gourm    .     b - +0 leather armour
rNeg   . . .     Faith    .     (no shield)
rPois  .         Spirit   .     (no helmet)
rElec  .         Reflect  .     (no cloak)
rCorr  .         Harm     .     (no gloves)
MR     .....                    (no boots)
Stlth  +.........               (no amulet)
                                (no ring)
                                g - ring of see invisible

@: corroded
A: no striking features
a: Depart the Abyss, Bend Space, Renounce Religion


You were on level 3 of the Dungeon.
You worshipped Lugonu.
Lugonu was pleased with you.
You were not hungry.

You visited 1 branch of the dungeon, and saw 3 of its levels.
You visited the Abyss 1 time.

You collected 92 gold pieces.

Inventory:

Hand Weapons
 a - a +1 hand axe (weapon)
 s - a +0 hunting sling
Missiles
 t - 39 stones (quivered)
Armour
 b - a +0 leather armour (worn)
Jewellery
 g - a ring of see invisible (left hand)
 k - a cursed -5 ring of intelligence {unknown}
Scrolls
 f - a scroll of remove curse {unknown}
 h - a scroll of amnesia
 i - 2 scrolls of recharging {unknown}
 m - a scroll of blinking {unknown}
 n - 2 scrolls of teleportation {unknown}
 p - 6 scrolls of identify
 q - a scroll of fog {unknown}
Potions
 d - a potion of might {unknown}
 e - a potion of agility
 j - a potion of beneficial mutation {unknown}
 l - 3 potions of heal wounds
 r - a potion of curing {unknown}
Comestibles
 c - a bread ration
 o - 2 meat rations
 u - 2 chunks of flesh


   Skills:
 + Level 4.4 Fighting
 + Level 4.7 Axes
 - Level 3.1 Armour
 + Level 1.5 Dodging
 - Level 0.8 Stealth
 + Level 2.8 Invocations


You had 4 spell levels left.
You didn't know any spells.

Dungeon Overview and Level Annotations

Branches:
Dungeon (3/15)

Altars:
Ashenzari
Okawaru
Ru
Trog
Uskayaw


Message History

The jelly hits you. The acid corrodes you!
You are splashed with acid!
The acid burns!
* * * LOW HITPOINT WARNING * * *
The hobgoblin moves out of view.
You are too injured to fight recklessly!
You are too injured to fight recklessly!
You are too injured to fight recklessly!
You hit the jelly but do no damage.
Your hands burn!
* * * LOW HITPOINT WARNING * * *
The jelly is heavily wounded.
The jelly barely misses you.
You hit the jelly. The acid corrodes you!
Your hands burn!
* * * LOW HITPOINT WARNING * * *
The jelly is severely wounded.
The jelly misses you.
You hit the jelly.
Your hands burn!
* * * LOW HITPOINT WARNING * * *
The jelly is almost dead.
The jelly hits you.
You die...

## ### ### .#### #.. ..#
....### #.# #.# ##
.#...#####.######.# #..
..#....##........##
.#...#...##..#.###......
....g..J###....# #.##.##
# #@##.....###.##.##
#............##.##
#####..#........##
#..#.######.## ##..#..
..## ....#### ###
##...## ##.....## ###
##.......## ##.#


You could see a jelly and a hobgoblin.

Vanquished Creatures
  An orc wizard (D:3)
  5 adders
  An ooze (D:2)
  A worm (D:2)
  A dart slug (D:1)
  9 bats
  A giant cockroach (D:2)
  10 hobgoblins
  11 jackals (D:2)
  4 quokkas
  3 ball pythons
  A frilled lizard (D:3)
  7 goblins
  7 kobolds
  9 rats
71 creatures vanquished.

Notes
Turn   | Place    | Note
-------+----------+-------------------------------------------
     0 | Abyss:1  | esteth the Hill Orc Abyssal Knight began the quest for the Orb.
     0 | Abyss:1  | Reached XP level 1. HP: 19/19 MP: 2/2
    10 | D:1      | Escaped the Abyss
   350 | D:1      | Reached XP level 2. HP: 25/27 MP: 3/3
  1132 | D:2      | Reached skill level 1 in Dodging
  1546 | D:2      | Reached XP level 3. HP: 33/33 MP: 5/5
  1757 | D:2      | Reached ** piety under Lugonu
  2192 | D:2      | Found a hide-covered altar of Uskayaw.
  2195 | D:2      | Found a bloodstained altar of Trog.
  2195 | D:2      | Found a shattered altar of Ashenzari.
  2196 | D:2      | Found an iron altar of Okawaru.
  2219 | D:2      | Reached XP level 4. HP: 31/41 MP: 6/6
  3094 | D:3      | Found a sacrificial altar of Ru.
  3111 | D:3      | Reached XP level 5. HP: 20/47 MP: 7/7
  3706 | D:3      | HP: 2/47 [acid (4)]
  3706 | D:3      | Slain by a jelly

Skill      XL: |  1  2  3  4 |
---------------+-------------+-----
Fighting       | 4 |  4.4
Dodging        | 1 |  1.5
Axes           | 3 4 |  4.7
Armour         | 3 |  3.1
Stealth        | |  0.8
Invocations    | |  2.8

Action                   |  1- 3 |  4- 6 || total
-------------------------+-------+-------++-------
Melee: Hand axe          |   179 |   125 ||   304
  Use: Scroll            |     3 |       ||     3
 Stab: Paralysed         |       |     2 ||     2
  Eat: Bread ration      |     1 |     1 ||     2
Armor: Leather armour    |    74 |    21 ||    95
Dodge: Dodged            |   112 |    78 ||   190
